 Dungeon Crawl Stone Soup version 0.29.1-12-g30fa7ad0bf (webtiles) character file.

Game seed: 16233559558927175750

44 Lutefisk the Grave Robber (level 3, -1/23 HPs)
             Began as a Tengu Necromancer on Dec 27, 2022.
             Killed by divine providence
             ... invoked by an orc priest
              (15 damage)
             ... on level 3 of the Dungeon.
             The game lasted 00:07:15 (988 turns).

Lutefisk the Grave Robber (Tengu Necromancer)        Turns: 988, Time: 00:07:16

Health: -1/23      AC:  2    Str:  8    XL:     3   Next: 62%
Magic:  5/7        EV: 13    Int: 15    God:
Gold:   98         SH:  0    Dex: 22    Spells: 2/6 levels left

rFire   . . .      SeeInvis .   g - +0 spear
rCold   . . .      Faith    .   (no shield)
rNeg    . . .      Spirit   .   a - +0 robe
rPois   .          Reflect  .   (helmet restricted)
rElec   .          Harm     .   (no cloak)
rCorr   .          Rampage  .   (no gloves)
Will    .....                   (boots unavailable)
Stlth   ++........              (no amulet)
HPRegen 0.07/turn               l - +6 ring of dexterity
MPRegen 0.10/turn               (no ring)

@: very slightly contaminated
A: beak, talons 3
a: no special abilities


You were on level 3 of the Dungeon.
You visited 1 branch of the dungeon, and saw 3 of its levels.

You collected 98 gold pieces.

Inventory:

Hand Weapons
 c - a +0 mace
 g - a +0 spear (weapon)
Missiles
 n - 6 poisoned darts (quivered)
Armour
 a - a +0 robe (worn)
Magical Staves
 h - a staff of cold
Jewellery
 l - a +6 ring of dexterity (left hand)
Scrolls
 d - a scroll of teleportation {unknown}
 j - a scroll of torment {unknown}
 k - a scroll of poison {unknown}
Potions
 b - 2 potions of magic
 e - a potion of berserk rage {unknown}
 f - 3 potions of curing {unknown}
 i - a potion of attraction {unknown}
 m - 2 potions of flight {unknown}


   Skills:
 - Level 3.0 Fighting
 * Level 0.3 Armour
 - Level 2.1 Dodging
 - Level 2.0 Stealth
 - Level 2.0 Spellcasting
 - Level 4.3 Necromancy
 * Level 0.3 Evocations


You had 2 spell levels left.
You knew the following spells:

 Your Spells              Type           Power      Damage    Failure   Level
a - Necrotise             Necr           56%        1d6       3%          1
b - Vampiric Draining     Necr           14%        2d7       11%         3

Your spell library contained the following spells:

 Spells                   Type           Power      Damage    Failure   Level
 Sandblast                Erth           2%         2d4       22%         1
 Blink                    Tloc           2%         N/A       32%         2
 Passwall                 Tmut/Erth      0%         N/A       32%         2
 Animate Dead             Necr           14%        N/A       36%         4
 Lesser Beckoning         Tloc           1%         N/A       54%         3
 Stone Arrow              Conj/Erth      2%         3d7       54%         3
 Agony                    Necr           14%        N/A       71%         5
 Manifold Assault         Tloc           1%         N/A       99%         5


Dungeon Overview and Level Annotations

Branches:
Dungeon (3/15)

Altars:
Qazlal

Shops:
D:2 *


Innate Abilities, Weirdness & Mutations

You have a beak for a mouth.
You have claws for feet.


Message History

The hobgoblin barely misses you.
Your goblin skeleton hits the hobgoblin but does no damage.
Your kobold skeleton hits the hobgoblin but does no damage.
You hit the hobgoblin. Your kick misses the hobgoblin.
The hobgoblin is almost dead.
The hobgoblin misses you.
Your goblin skeleton hits the hobgoblin.
The hobgoblin dies!
You see here 6 poisoned darts.
n - 6 poisoned darts
Found the Atlas of Conflagration.
Your kobold skeleton crumbles into dust!
Found a stone staircase leading up.
An orc comes into view. It is wielding a +0 flail.
An orc and an orc priest come into view.
The orc priest shouts!
You swap places.
The orc hits your goblin skeleton with a +0 flail!
Your goblin skeleton is destroyed!
A dart slug comes into view.
Casting: Necrotise (safe; 3% risk of failure)
Confirm with . or Enter, or press ? or * to list all spells.
Aiming: Necrotise (safe; 3% risk of failure)
Press: ? - help, Shift-Dir - straight line, f - dart slug
Aim: a dart slug (asleep, chance to affect: 84%)
The dart slug writhes in agony.
Casting: Necrotise (safe; 3% risk of failure)
Confirm with . or Enter, or press ? or * to list all spells.
Aiming: Necrotise (safe; 3% risk of failure)
Press: ? - help, Shift-Dir - straight line, f/p - dart slug
Aim: a dart slug (moderately wounded, chance to affect: 84%)
You miscast Necrotise.
You are very lightly contaminated with residual magic.
Nothing appears to happen.
The dart slug launches a dart at you. The slug dart hits you.
The orc priest invokes the aid of Beogh against you.
Beogh smites you!
Ouch! That really hurt!
You die...

##.##......# #..###
.........### #....#
.........#####o##.##
#..........o.......#
#.#............#...#
...)........o.....# #
.........#####.######..#
.##......# #.........#
###......# #..@....##
#......# #.......#
######## #.w.....#
#.......# #.......#
#.......# #.......#
#.......#


You could see an orc priest, a dart slug and an orc.

Vanquished Creatures
  3 bats
  4 endoplasms
  A giant cockroach (D:3)
  5 goblins
  6 hobgoblins
  6 kobolds
  4 quokkas
  2 ball pythons (D:2)
  A frilled lizard (D:2)
  2 rats (D:2)
34 creatures vanquished.

Vanquished Creatures (collateral kills)
  An endoplasm (D:1)
  A hobgoblin (D:3)
2 creatures vanquished.

Grand Total: 36 creatures vanquished

Notes
Turn   | Place    | Note
-------+----------+-------------------------------------------
     0 | D:1      | Lutefisk the Tengu Necromancer began the quest for the Orb.
     0 | D:1      | Reached XP level 1. HP: 10/10 MP: 4/4
    83 | D:1      | Reached skill level 1 in Fighting
   284 | D:1      | Reached XP level 2. HP: 16/16 MP: 0/6
   396 | D:1      | Found a faded altar of an unknown god.
   548 | D:2      | Reached XP level 3. HP: 20/22 MP: 4/7
   599 | D:2      | Learned a level 3 spell: Vampiric Draining
   696 | D:2      | Found a stormy altar of Qazlal.
   834 | D:2      | Found Gidukeg's General Store.
   988 | D:3      | Killed from afar by an orc priest

Illustrated notes

Levels and vault maps discovered:
D:1:      reono_arrival_mine, layout_rooms, basic_ecumenical_altar,
          hangedman_abyss_or_decor_stabs, nicolae_kite_square_tiling_tiny,
          dk_noncrumbling_4, minmay_misc_feat_square
D:2:      layout_loops_corners, basic_altar, serial_shops, shop
D:3:      layout_rooms, lemuel_round_altar, serial_bayou_pond_d

Skill      XL: |  1  2  3 |
---------------+----------+-----
Fighting       | 1 2 3 |  3.0
Armour         | |  0.3
Dodging        | |  2.1
Stealth        | |  2.0
Spellcasting   | |  2.0
Necromancy     | |  4.3
Evocations     | |  0.3

Action                   || total
-------------------------++-------
Melee: Mace              ||     9
       Kick              ||     3
       Spear             ||    15
       Peck              ||     4
 Cast: Necrotise         ||    41
Armor: Robe              ||     4
Dodge: Dodged            ||    15
